 Dungeon Crawl Stone Soup version 0.28-a0-1227-ga9037bb4c8 (webtiles) character file.

Game seed: 5498082629490433310

19 frimble the Grasshopper (level 2, -1/22 HPs)
             Began as a Demonspawn Warper on Dec 23, 2021.
             Slain by a hobgoblin (4 damage)
             ... on level 2 of the Dungeon.
             The game lasted 00:01:43 (1945 turns).

frimble the Grasshopper (Demonspawn Warper)         Turns: 1945, Time: 00:01:44

Health: -1/22      AC:  5    Str: 11    XL:     2   Next: 55%
Magic:  5/5        EV: 11    Int: 14    God:
Gold:   72         SH:  0    Dex: 12    Spells: 5/5 levels left

rFire   . . .      SeeInvis .   a - +0 falchion
rCold   . . .      Faith    .   (no shield)
rNeg    . . .      Spirit   .   b - +0 leather armour
rPois   .          Reflect  .   (no helmet)
rElec   .          Harm     .   i - +1 cloak
rCorr   .          Rampage  .   (no gloves)
Will    .....                   (no boots)
Stlth   +.........              (no amulet)
HPRegen 0.07/turn               (no ring)
MPRegen 0.09/turn               (no ring)

@: no status effects
A: ignite blood 1
a: no special abilities


You were on level 2 of the Dungeon.
You visited 1 branch of the dungeon, and saw 2 of its levels.

You collected 72 gold pieces.

Inventory:

Hand Weapons
 a - a +0 falchion (weapon)
Missiles
 d - 5 boomerangs of dispersal
 f - an atropa-tipped dart (quivered)
Armour
 b - a +0 leather armour (worn)
 i - a +1 cloak (worn)
Scrolls
 c - a scroll of blinking
 h - a scroll of enchant weapon
Potions
 e - 2 potions of curing


   Skills:
 - Level 2.0 Fighting
 + Level 2.4 Long Blades
 - Level 0.8 Throwing
 - Level 0.8 Armour
 + Level 2.3 Dodging
 - Level 2.0 Spellcasting
 - Level 2.6 Translocations


You had 5 spell levels left.
You didn't know any spells.
Your spell library contained the following spells:

 Spells                   Type           Power      Damage    Failure   Level
 Blink                    Tloc           16%        N/A       16%         2
 Gell's Gravitas          Tloc           8%         N/A       30%         3
 Lesser Beckoning         Tloc           8%         N/A       30%         3
 Teleport Other           Tloc           8%         N/A       30%         3
 Manifold Assault         Tloc           8%         N/A       96%         5


Dungeon Overview and Level Annotations

Branches:
Dungeon (2/15)

Altars:


Innate Abilities, Weirdness & Mutations

Your demonic aura sometimes causes spilled blood to erupt in flames.


Message History

The gnoll misses you.
You hit the gnoll.
The gnoll is moderately wounded.
The gnoll closely misses you.
You completely miss the gnoll.
The gnoll is moderately wounded.
The gnoll closely misses you.
You hit the gnoll.
The gnoll is heavily wounded.
The gnoll barely misses you.
You closely miss the gnoll.
The gnoll is heavily wounded.
The gnoll closely misses you. x2
You barely miss the gnoll.
The gnoll is heavily wounded.
The gnoll hits you with a +0 flail!
* * * LOW HITPOINT WARNING * * *
You barely miss the gnoll.
The gnoll is heavily wounded.
The gnoll hits you with a +0 flail.
* * * LOW HITPOINT WARNING * * *
A hobgoblin comes into view.
The hobgoblin shouts!
A ball python comes into view.
You see here an atropa-tipped dart.
The hobgoblin barely misses you.
The ball python bites you but does no damage.
The ball python misses you.
The hobgoblin hits you but does no damage.
The ball python bites you but does no damage.
The ball python grabs you. The ball python constricts you.
You escape the ball python's grasp.
There is a stone staircase leading down here.
The hobgoblin hits you.
* * * LOW HITPOINT WARNING * * *
You climb downwards.
There is a stone staircase leading up here.
You hit the hobgoblin but do no damage. The hobgoblin misses you.
You barely miss the hobgoblin. The hobgoblin hits you.
You die...

#.#...##.##.#.#..############.#.
#.#...##.##.#.#.............#.#.
#.#...##.##.#.#.............#...
#.#...##....#.#.........>...#...
#.#...#######.#.............#...
#.#...........#.............#...
##.#...........#.............#...
#................#.<.........#...
#..#............@g...........#...
#..#..########.###...........#...
#..#.......# #.# #...........#...
#..##.####.# #.#####.#######.#...
#..##.# #.# #.......# #.#...
#..##.# #.#################.#...
......####.#.....................
...........#.################...#
.....#######.# #...............#.


You could see a hobgoblin.

Vanquished Creatures
  A ball python (D:2)
  5 endoplasms
  A giant cockroach (D:2)
  A hobgoblin (D:2)
  3 quokkas
  A bat (D:2)
  3 frilled lizards (D:2)
  A goblin (D:2)
  A kobold (D:2)
17 creatures vanquished.

Notes
Turn   | Place    | Note
-------+----------+-------------------------------------------
     0 | D:1      | frimble the Demonspawn Warper began the quest for the Orb.
     0 | D:1      | Reached XP level 1. HP: 16/16 MP: 3/3
   920 | D:2      | Gained mutation: Your demonic aura sometimes causes spilled
                  | blood to erupt in flames. [demonic ancestry]
   920 | D:2      | Reached XP level 2. HP: 20/22 MP: 5/5
  1945 | D:2      | Slain by a hobgoblin

Illustrated notes

Levels and vault maps discovered:
D:1:      dpeg_arrival_tiny_a, layout_loops_ring,
          shapermc_ecumenical_altar_acropolis
D:2:      layout_basic

Skill      XL: |  1 |
---------------+----+-----
Long Blades    | 2 |  2.4
Dodging        | 2 |  2.3
Fighting       | |  2.0
Throwing       | |  0.8
Armour         | |  0.8
Spellcasting   | |  2.0
Translocations | |  2.6

Action                   || total
-------------------------++-------
Melee: Falchion          ||    57
Throw: Dart              ||     1
  Use: Scroll            ||     3
Armor: Leather armour    ||    13
Dodge: Dodged            ||    31

Table legend: (Time is in decaauts)
 A = Elapsed time spent in this place.
 B = Non-inter-level travel time spent in this place.
 C = Inter-level travel time spent in this place.
 D = Time resting spent in this place.
 E = Time spent auto-exploring this place.
 F = Levels seen in this place.
 G = Mean time per level.
                   A        B        C        D        E       F      G
               +--------+--------+--------+--------+--------+-----+--------+
         Total |   1956 |   1894 |     62 |    283 |   1393 |   2 |  978.0 |
       Dungeon |   1956 |   1894 |     62 |    283 |   1393 |   2 |  978.0 |
               +--------+--------+--------+--------+--------+-----+--------+

Top non-repeatable levels by time:
     D:2: 1709 daAuts
     D:1: 247 daAuts
